 Dungeon Crawl Stone Soup version 0.25-a0-705-ge9988fc0fb (webtiles) character file.

Game seed: 4646483853642722322, levelgen mode: deterministic

23 Brecoman the Magician (level 3, 0/19 HPs)
             Began as a Tengu Wizard on Apr 4, 2020.
             Slain by an adder (3 damage)
             ... on level 2 of the Dungeon.
             The game lasted 00:04:22 (1586 turns).

Brecoman the Magician (Tengu Wizard)                Turns: 1586, Time: 00:04:23

Health: 0/19       AC:  2    Str:  6 (7)  XL:     3   Next: 0%
Magic:  9/9        EV: 12    Int: 17 (19) God:
Gold:   134        SH:  0    Dex: 11 (12) Spells: 6/9 levels left

rFire    . . .     SeeInvis .   (no weapon)
rCold    . . .     Gourm    .   (no shield)
rNeg     . . .     Faith    .   a - +0 robe
rPois    .         Spirit   .   b - +0 hat
rElec    .         Reflect  .   (no cloak)
rCorr    .         Harm     .   (no gloves)
MR       .....                  (boots unavailable)
Stlth    ++........             (no amulet)
HPRegen  0.06/turn              (no ring)
MPRegen  0.11/turn              (no ring)

@: lethally poisoned (0 -> -3), very slightly contaminated
A: beak, talons 3
a: no special abilities


You were on level 2 of the Dungeon.
You were not hungry.

You visited 1 branch of the dungeon, and saw 2 of its levels.

You collected 134 gold pieces.

Inventory:

Missiles
 j - 55 stones (quivered)
Armour
 a - a +0 robe (worn)
 b - a +0 hat (worn)
Jewellery
 k - an uncursed ring of flight
Scrolls
 c - 3 scrolls of remove curse {unknown}
 e - a scroll of enchant weapon {unknown}
 g - a scroll of random uselessness {unknown}
 i - a scroll of amnesia {unknown}
Potions
 l - a potion of degeneration
Comestibles
 d - 5 rations
 f - a chunk of flesh


   Skills:
 + Level 2.6 Dodging
 - Level 2.0 Stealth
 + Level 3.5 Spellcasting
 + Level 1.9 Conjurations
 + Level 1.4 Summonings
   Level 0.7 Translocations


You had 6 spell levels left.
You knew the following spells:

 Your Spells              Type           Power        Failure   Level  Hunger
a - Magic Dart            Conj           #...         8%          1    None
b - Call Imp              Summ           #.......     14%         2    ##.....

Your spell library contained the following spells:

 Spells                   Type           Power        Failure   Level  Hunger
 Blink                    Tloc           N/A          19%         2    ##.....
 Slow                     Hex            #.......     26%         2    ##.....
 Conjure Flame            Conj/Fire      #.......     32%         3    ###....
 Mephitic Cloud           Conj/Pois/Air  #.......     36%         3    ###....


Dungeon Overview and Level Annotations

Branches:
Dungeon (2/15)

Altars:


Innate Abilities, Weirdness & Mutations

You have a beak for a mouth.
You have claws for feet.


Message History

Your crimson imp hits the adder.
You swap places.
Your crimson imp blinks!
You swap places.
* * * LOW HITPOINT WARNING * * *
You feel sick.
Your crimson imp closely misses the adder.
The adder bites your crimson imp but does no damage.
It was a potion of degeneration.
There was something very wrong with that liquid.
You feel weakened.
You feel dopey.
You feel clumsy.
Your crimson imp barely misses the adder.
The adder bites your crimson imp.
Casting: Call Imp (safe; 14% risk of failure)
Confirm with . or Enter, or press ? or * to list all spells.
You can't see any susceptible monsters within range! (Use Z to cast anyway.) It was a potion of magic.
Magic courses through your body.
Your crimson imp disappears in a puff of smoke!
The adder bites you.
You die...

.....# ###......#.....
..#### ##.###......
#..## #.###...#+#
P...# ####.#.......#
♣P♣.####............#
♣♣.PP.##.####..♣.♣.♣##
♣♣♣PPPP#.# ###......##
..♣♣P....# #♣...♣..##
P♣P......# #@.......
PP......##
♣S♣#♣####.## #########
#.5.........
##♣♣.♣♣##.## ♣.♣


P.P P...P ..... ...⌠... You could see an adder and a friendly crimson imp.

Vanquished Creatures
  2 giant cockroaches (D:1)
  2 goblins
  A hobgoblin (D:1)
  2 jackals (D:1)
  A ball python (D:1)
  3 bats
  A frilled lizard (D:1)
12 creatures vanquished.

Vanquished Creatures (collateral kills)
  An adder (D:2)
  2 dart slugs (D:2)
3 creatures vanquished.

Grand Total: 15 creatures vanquished

Notes
Turn   | Place    | Note
-------+----------+-------------------------------------------
     0 | D:1      | Brecoman the Tengu Wizard began the quest for the Orb.
     0 | D:1      | Reached XP level 1. HP: 10/10 MP: 5/5
   590 | D:1      | Reached XP level 2. HP: 15/15 MP: 1/7
  1378 | D:2      | Learned a level 2 spell: Call Imp
  1465 | D:2      | Reached XP level 3. HP: 13/19 MP: 2/9
  1586 | D:2      | Slain by an adder

Levels and vault maps discovered:
D:1:      lemuel_arrival_hallway, layout_loops_corners, serial_park_tiny_1,
          roderic_lattice_a
D:2:      layout_loops_corners, nicolae_overflow_crystal_walls,
          lemuel_coloured_pillars_altar, serial_forest, infiniplex_forest_end_1,
          infiniplex_forest_fountain, infiniplex_forest_lined_corner,
          infiniplex_forest_lined_room_, infiniplex_forest_clump_long,
          infiniplex_forest_straight_4, infiniplex_forest_straight_4,
          infiniplex_forest_end_double, first_ration, kennysheep_pointless_box,
          hangedman_decor_lopped

Action                   || total
-------------------------++-------
Melee: Unarmed           ||    22
       Kick              ||     4
       Peck              ||     3
 Cast: Magic Dart        ||    39
       Call Imp          ||     4
  Use: Potion            ||     2
  Eat: Chunk             ||     2
Armor: Robe              ||     4
Dodge: Dodged            ||    20

Table legend:
 A = Non-vault XP
 B = Vault XP
 C = Vault XP percentage of total XP
 D = Non-vault monster count
 E = Vault monster count
 F = Vault count percentage of total count
                 A         B        C        D         E       F
            +---------+---------+-------+---------+---------+-------
      Total |      34 |       0 |   0.0 |      15 |       0 |   0.0
            +---------+---------+-------+---------+---------+-------
        D:1 |      17 |       0 |   0.0 |      10 |       0 |   0.0
        D:2 |      17 |       0 |   0.0 |       5 |       0 |   0.0
            +---------+---------+-------+---------+---------+-------
